Map: Glittering Ashes LE

Players

Prion

  • Race: Protoss Protoss
  • League: Silver
  • Spawn Location: 1:00

Warthog - Winner!

  • Race: Terran Terran
  • League: Silver
  • Spawn Location: 7:00

VOD

Have the link to the VOD?

Description

Time

  • Played on: Oct. 19, 2021, 7:29 p.m.
  • Length: 11:25
Show
View Real Time Build Order
Export as new Build Order

Prion Protoss 

Build Orders: Oracle Opening 

Get SALT Encoding   

  12  0:00  Probe  
  13  0:12  Probe  
  14  0:20  Pylon  
  14  0:24  Probe  
  15  0:39  Gateway  
  15  0:45  Probe (Chrono Boost), Assimilator  
  16  0:57  Probe (Chrono Boost)  
  17  1:05  Probe (Chrono Boost)  
  18  1:11  Probe  
  19  1:23  Probe  
  20  1:28  Cybernetics Core  
  20  1:33  Pylon  
  20  1:41  Probe  
  20  1:45  Assimilator  
  21  1:53  Probe  
  22  2:05  Probe  
  22  2:06  Warp Gate (Chrono Boost)  
  23  2:10  Adept  
  25  2:29  Stargate  
  25  2:35  Nexus  
  25  2:37  Pylon  
  25  3:03  Gateway x2  
  25  3:12  Adept  
  27  3:16  Oracle (Chrono Boost)  
  30  3:31  Pylon  
  30  3:44  Oracle (Chrono Boost)  
  33  3:52  Forge  
  33  4:00  Stalker x3  
  39  4:03  Probe  
  40  4:15  Probe  
  41  4:24  Robotics Facility  
  41  4:29  Probe (Chrono Boost)  
  42  4:36  Pylon  
  43  4:39  Probe (Chrono Boost)  
  43  4:44  Probe (Chrono Boost)  
  44  4:56  Probe  
  45  5:08  Probe  
  45  5:12  Stalker x2  
  45  5:13  Stalker  
  52  5:20  Probe  
  53  5:32  Probe  
  54  5:38  Observer  
  54  5:42  Stargate  
  55  5:44  Twilight Council, Probe  
  56  5:51  Assimilator  
  56  5:55  Assimilator  
  56  5:56  Probe  
  57  5:58  Pylon  
  57  6:01  Pylon  
  57  6:08  Probe  
  58  6:20  Probe  
  58  6:24  Stalker x3  
  66  6:32  Probe (Chrono Boost)  
  66  6:42  Probe (Chrono Boost)  
  66  6:45  Void Ray  
  66  6:46  Gateway  
  71  6:47  Probe (Chrono Boost)  
  71  6:49  Void Ray, Gateway  
  71  6:52  Gateway  
  76  6:59  Probe  
  77  7:11  Probe  
  78  7:18  Nexus  
  78  7:20  Pylon  
  78  7:32  Void Ray  
  78  7:33  Void Ray  
  86  7:43  Pylon  
  86  7:45  Pylon  
  86  7:48  Pylon  
  86  8:09  Zealot  
  86  8:10  Zealot x5  
  86  8:11  Charge (Chrono Boost)  
  98  8:22  Templar Archives  
  46  9:07  Stalker x5  
  46  9:08  Stalker  
  58  9:15  Probe x2  
  60  9:27  Probe x2  
  62  9:32  Gateway  
  62  9:37  Gateway  
  62  9:40  Probe (Chrono Boost)  
  62  9:41  Assimilator  
  62  9:44  Probe x2 (Chrono Boost)  
  65  9:46  Assimilator  
  65  9:50  Zealot x4, Probe (Chrono Boost)  
  65  9:51  Zealot  
  78  9:53  Probe x2 (Chrono Boost)  
  78  9:54  Zealot  
  78  9:55  Probe (Chrono Boost)  
  81  10:03  Probe x2  
  81  10:06  Probe  
  84  10:16  High Templar x3  
  84  10:17  High Templar  
Show
View Real Time Build Order
Export as new Build Order

Warthog Terran - Winner!

Build Orders:  

Get SALT Encoding   

  12  0:01  SCV  
  13  0:13  SCV  
  14  0:17  Supply Depot  
  14  0:25  SCV  
  15  0:39  SCV  
  15  0:42  Barracks  
  16  0:45  Refinery  
  16  0:51  SCV  
  17  1:03  SCV  
  18  1:15  SCV  
  19  1:29  Orbital Command  
  19  1:30  Barracks Reactor  
  19  1:43  Command Center  
  19  1:56  SCV  
  19  1:57  Supply Depot  
  20  2:08  SCV  
  20  2:10  Marine x2  
  23  2:20  SCV  
  24  2:25  Barracks  
  24  2:26  Barracks  
  24  2:30  Refinery  
  24  2:38  Marine x2  
  24  2:40  SCV  
  26  2:53  SCV  
  27  2:58  Marine x2  
  27  3:00  Orbital Command  
  29  3:05  SCV  
  31  3:16  Barracks Tech Lab, Marine  
  31  3:18  SCV  
  31  3:19  Barracks Tech Lab  
  32  3:27  SCV  
  32  3:29  Marine  
  32  3:30  SCV  
  35  3:34  Marine  
  35  3:35  Supply Depot  
  35  3:39  SCV  
  37  3:42  SCV  
  37  3:45  Marine  
  37  3:46  Marine  
  37  3:47  Marine  
  37  3:48  Stimpack, Combat Shield  
  41  3:54  Factory  
  41  3:58  SCV  
  41  3:59  SCV  
  41  4:02  Marine  
  44  4:08  Supply Depot  
  44  4:10  SCV  
  44  4:11  SCV  
  46  4:21  Marauder x2, Marine x2  
  52  4:24  SCV x2  
  54  4:31  Supply Depot  
  54  4:36  Supply Depot, SCV x2  
  56  4:39  Marine x2  
  56  4:43  Factory Reactor, Starport  
  58  4:48  SCV  
  58  4:49  SCV  
  58  4:52  Marauder  
  62  4:54  Marauder  
  58  5:00  SCV  
  58  5:01  SCV  
  59  5:38  SCV x2  
  61  5:46  Marine x4  
  61  5:49  Supply Depot  
  65  5:50  SCV  
  65  5:51  SCV  
  67  6:02  SCV  
  67  6:03  SCV  
  69  6:04  Marine x4  
  69  6:07  Factory Tech Lab  
  69  6:08  Barracks  
  69  6:09  Engineering Bay  
  69  6:10  Barracks  
  73  6:15  SCV x2  
  73  6:22  Marine x4  
  77  6:27  SCV x2  
  79  6:37  Refinery  
  79  6:38  Refinery  
  79  6:39  SCV x2, Medivac, Siege Tank  
  86  6:46  Missile Turret  
  86  6:51  Missile Turret  
  86  6:54  Missile Turret  
  86  7:08  Medivac, Marine x4  
  86  7:09  SCV  
  86  7:11  Supply Depot x2  
  86  7:13  Supply Depot  
  86  7:14  SCV  
  94  7:17  Barracks Tech Lab  
  94  7:18  Barracks Reactor  
  94  7:29  Terran Infantry Weapons Level 1  
  94  7:32  Medivac, Marine  
  94  7:33  Siege Tank, Marine x2, Marauder  
  94  7:34  Supply Depot  
  94  7:35  Supply Depot x2, Marine  
  105  7:38  Medivac  
  107  7:50  Marine  
  107  7:51  Marine x2  
  109  7:53  Marine  
  109  7:54  Marine  
  111  8:02  Supply Depot, Medivac  
  113  8:05  Marine  
  113  8:06  Marine  
  113  8:07  Supply Depot  
  113  8:08  Medivac, Marine x3  
  113  8:10  Supply Depot  
  113  8:11  Marine x2  
  113  8:12  Siege Tank  
  125  8:23  Marine x2  
  125  8:26  Marauder, Marine x2  
  131  8:29  Marauder, Marine  
  134  8:41  Marine x2  
  129  8:44  Marine  
  92  9:06  Marine  
  92  9:07  Marine x6  
  96  9:11  Medivac x2, Siege Tank  
  103  9:24  Marine x7  
  103  9:25  Terran Infantry Armor Level 1  
  103  9:26  Concussive Shells  
  110  9:41  Medivac x2  
  110  9:42  Marine x6  
  110  9:43  Siege Tank  
  110  9:44  Marauder  
  125  10:00  Marine x6  
  125  10:05  Marine  
  132  10:15  Siege Tank  
  133  10:47  Siege Tank  
  133  10:51  Marauder x2  
  133  10:52  Marauder, Marine x3  
  133  10:53  Marine  
Tags
 
Add a new tag
Caveats
  • Supply blocks, unpowered buildings, or Contaminate may cause inaccurate times.
  • Supply counts are checked every 10 seconds.